 Dungeon Sprint DCSS version 0.22.1-2-g9c5b331 (webtiles) character file.

179 diana the Slasher (level 5, -9/50 HPs)
             Began as a Demigod Gladiator on Nov 28, 2018.
             Mangled by a hornet (13 damage)
             ... in the Dungeon (Sprint IX: "|||||||||||||||||||||||||||||").
             The game lasted 00:01:28 (470 turns).

diana the Slasher (Demigod Gladiator)                Turns: 470, Time: 00:01:28

Health: -9/50      AC: 11    Str: 19    XL:     5   Next: 10%
Magic:  7/7        EV: 11    Int: 15    God:
Gold:   0          SH:  0    Dex: 20    Spells: 4/4 levels left

rFire    . . .     SeeInvis .   o - +2 scimitar (holy)
rCold    . . .     Gourm    .   (no shield)
rNeg     . . .     Faith    .   r - +1 chain mail
rPois    .         Spirit   .   c - +0 helmet
rElec    .         Reflect  .   (no cloak)
rCorr    .         Harm     .   q - +0 pair of gloves
MR       .....     NoTele   +   (no boots)
Stlth    ..........             (no amulet)
HPRegen  0.16/turn              s - +3 ring of dexterity
MPRegen  0.10/turn              t - +3 ring of intelligence

@: lethally poisoned (-9 -> -27), slowed, very slow
A: high mp 1
a: no special abilities


You were in the Dungeon.
You were not hungry.

You visited 1 branch

Inventory:

Hand Weapons
 a - a +0 long sword
 o - a +2 scimitar of holy wrath (weapon)
Missiles
 d - a throwing net (quivered)
Armour
 c - a +0 helmet (worn)
 q - a +0 pair of gloves (worn)
 r - a +1 chain mail (worn)
Jewellery
 s - a +3 ring of dexterity (left hand)
 t - a +3 ring of intelligence (right hand)
Wands
 n - a wand of iceblast (10)
Scrolls
 k - 2 scrolls of blinking
 l - 3 scrolls of remove curse
 m - 2 scrolls of amnesia
Potions
 e - 5 potions of curing
 g - 3 potions of heal wounds
 h - a potion of haste
 i - 4 potions of magic
 j - a potion of invisibility
Comestibles
 f - a ration


   Skills:
 + Level 6.0 Fighting
 + Level 6.4 Long Blades
 - Level 1.7 Throwing
 + Level 6.4 Dodging


You had 4 spell levels left.
You didn't know any spells.
Your spell library was empty.

Dungeon Overview and Level Annotations

Branches:
Dungeon (1/1)


Innate Abilities, Weirdness & Mutations

You have an increased reservoir of magic. (+10% MP)


Message History

The hornet stings you but does no damage.
You hit the hornet.
The hornet is lightly wounded.
You feel yourself speed up.
You feel sick. The hornet stings you.
You are lethally poisoned!
You feel yourself slow down.
The hornet stings you but does no damage. x2
You barely miss the hornet.
The hornet is lightly wounded.
You feel very sick. The hornet misses you. The hornet stings you!
* * * LOW HITPOINT WARNING * * *
You feel as though you will be slow longer.
You miss the hornet.
The hornet is lightly wounded.
* * * LOW HITPOINT WARNING * * *
You feel very sick. The hornet stings you!
You die... ▓▓▓▓▓▓▓▓▓▓▓▓▓▓▓▓▓▓▓▓▓▓▓▓ .ZWFYay@....)|..'_______ ▓▓▓▓▓▓▓▓▓▓▓▓▓▓▓▓▓▓▓▓▓▓▓▓

You could see a hungry ghost, a hornet, a sky beast, a bullfrog, a worker ant and an adder zombie.

Vanquished Creatures
  2 ogres (D)
  An adder (D)
  An orc (D)
  2 giant cockroaches (D)
  A hobgoblin (D)
  A bat (D)
  A frilled lizard (D)
  A rat (D)
10 creatures vanquished.

Notes
Turn   | Place    | Note
-------+----------+-------------------------------------------
     0 | D        | diana the Demigod Gladiator began the quest for the Orb.
     0 | D        | Reached XP level 1. HP: 17/17 MP: 3/3
   124 | D        | Noticed an ogre
   124 | D        | Noticed an ogre
   132 | D        | Killed an ogre
   132 | D        | Reached skill level 5 in Long Blades
   132 | D        | Reached skill level 5 in Dodging
   132 | D        | Reached XP level 2. HP: 15/28 MP: 4/4
   132 | D        | Reached XP level 3. HP: 19/34 MP: 5/5
   132 | D        | Reached XP level 4. HP: 22/41 MP: 6/6
   143 | D        | Killed an ogre
   143 | D        | Reached XP level 5. HP: 12/50 MP: 7/7
   378 | D        | Found a roughly hewn altar of Beogh.
   378 | D        | Found a snail-covered altar of Cheibriados.
   378 | D        | Found a shadowy altar of Dithmenos.
   378 | D        | Found a white marble altar of Elyvilon.
   378 | D        | Found a blossoming altar of Fedhas.
   378 | D        | Found an opulent altar of Gozag.
   379 | D        | Found a hazy altar of Hepliaklqana.
   380 | D        | Found a viscous altar of Jiyva.
   381 | D        | Found an ancient bone altar of Kikubaaqudgha.
   382 | D        | Found a corrupted altar of Lugonu.
   383 | D        | Found a burning altar of Makhleb.
   384 | D        | Found a sparkling altar of Nemelex Xobeh.
   385 | D        | Found an iron altar of Okawaru.
   386 | D        | Found a stormy altar of Qazlal.
   387 | D        | Found a sacrificial altar of Ru.
   388 | D        | Found a deep blue altar of Sif Muna.
   389 | D        | Found a bloodstained altar of Trog.
   390 | D        | Found a hide-covered altar of Uskayaw.
   391 | D        | Found a radiant altar of Vehumet.
   392 | D        | Found an ornate altar of the Wu Jian Council.
   393 | D        | Found a shimmering altar of Xom.
   394 | D        | Found a basalt altar of Yredelemnul.
   395 | D        | Found a glowing silver altar of Zin.
   396 | D        | Found a glowing golden altar of the Shining One.
   464 | D        | Noticed a hungry ghost
   464 | D        | Noticed a sky beast
   464 | D        | Noticed a hornet
   470 | D        | Mangled by a hornet

Skill      XL: |  1  2  3  4 |
---------------+-------------+-----
Fighting       | 4 6 |  6.0
Long Blades    | 5 6 |  6.4
Dodging        | 5 6 |  6.4
Throwing       | |  1.7

Action                   |  1- 3 |  4- 6 || total
-------------------------+-------+-------++-------
Melee: Long sword        |    21 |    10 ||    31
       Scimitar          |       |     5 ||     5
Throw: Throwing net      |       |     2 ||     2
  Use: Potion            |     1 |       ||     1
Armor: Leather armour    |     9 |       ||     9
       Chain mail        |       |     3 ||     3
Dodge: Dodged            |    10 |     4 ||    14
       Rpst.: Long sword |     3 |     2 ||     5
